AoeStats
← HairyRalph

MegaRandom

506272501Analyzed
1v1 RM · 21d ago on Sep 13, 2026· 39m 28s· 2 players
Game mode
Random Map
Map size
Tiny (2 player)
Population
200
Speed
Normal
Resources
Standard
Victory
Conquest
Starting age
Dark Age
Ending age
Imperial Age
RankedLock teamsTeams togetherTeam positionsShared explorationLock speedFull tech treeHidden civsTurbo modeCheats
Victory
Defeat
🇺🇸 Bohemians · United States
370
+11
🇺🇸 Malians · United States
260
-11
XelosTheStoic
2:45 Loom
11:21 Feudal Age
13:15 Fishing Lines
13:28 Double-Bit Axe
14:50 Wheelbarrow
23:24 Castle Age
30:28 Bow Saw
30:14 Gillnets
36:26 Forging
36:08 Fletching
36:21 Scale Mail Armor
HairyRalph
9:05 Loom
11:39 Feudal Age
12:09 Double-Bit Axe
12:10 Horse Collar
14:45 Wheelbarrow
19:35 Forging
19:27 Scale Mail Armor
25:13 Castle Age
26:16 Bow Saw
26:11 Heavy Plow
27:27 Hand Cart
26:53 Pikeman
33:10 Man-at-Arms
36:51 Imperial Age
36:12 Chemistry
35:31 Long Swordsman
Connection lost

Rejoining the realm…

Still unreachable

The connection could not be restored.

Session expired

The server has moved on; the page needs a fresh start.